 Dungeon Crawl Stone Soup version 0.30-a0-629-gd54f4be4f7 (webtiles) character file.

Game seed: 10729794312458958471

3164 sokol815 the Stinger (level 9, -3/58 HPs)
             Began as an Octopode Fire Elementalist on Jan 13, 2023.
             Was an Initiate of Gozag.
             Slain by a bullfrog (5 damage)
             ... on level 8 of the Dungeon.
             The game lasted 00:26:13 (7335 turns).

sokol815 the Stinger (Octopode Fire Elementalist)   Turns: 7335, Time: 00:26:13

Health: -3/58      AC:  1    Str:  8    XL:     9   Next: 94%
Magic:  16/16      EV: 19    Int: 21    God:    Gozag
Gold:   273        SH:  0    Dex: 12    Spells: 10/18 levels left

rFire   . . .      SeeInvis .    a - +2 whip (elec)
rCold   . . .      Faith    .    (no shield)
rNeg    . . .      Spirit   .    (helmet restricted)
rPois   +          Reflect  .    i - amulet of magic regeneration
rElec   .          Harm     .    P - ring of poison resistance {rPois, !d}
rCorr   .          Rampage  .    E - +5 ring of evasion
Will    .....                    (no ring)
Stlth   ++++                     (no ring)
HPRegen 0.29/turn                (no ring)
MPRegen 0.55/turn                (no ring)
                                 (no ring)
                                 (no ring)

@: attractive, studying Fire Magic
A: almost no armour, amphibious, 8 rings, camouflage 1, gelatinous body 1,
(nimble swimmer 1), tentacles
a: Renounce Religion, Potion Petition, Call Merchant, Bribe Branch


You were on level 8 of the Dungeon.
You worshipped Gozag.
Gozag was aware of your devotion.
You visited 1 branch of the dungeon, and saw 8 of its levels.

You collected 387 gold pieces.
You paid 114 gold pieces to Gozag.

Inventory:

Hand Weapons
 a - a +2 whip of electrocution (weapon)
   (You took it off an orc on level 3 of the Dungeon)
 e - a +0 club
   (You took it off a goblin on level 1 of the Dungeon)
 g - a +2 short sword of speed
   (You took it off an orc on level 3 of the Dungeon)
 m - a +0 rapier
   (You found it on level 3 of the Dungeon)
 n - a +0 dagger
   (You found it on level 1 of the Dungeon)
 r - a +1 short sword of draining
   (You took it off an orc on level 5 of the Dungeon)
 t - a +0 dagger of freezing
   (You took it off an orc wizard on level 6 of the Dungeon)
 v - a +4 spear of venom
   (You took it off a gnoll sergeant on level 6 of the Dungeon)
Missiles
 j - 6 boomerangs
 l - 20 poisoned darts
 s - 85 stones
 y - 6 curare-tipped darts
Armour
 w - a +2 buckler
   (You took it off a gnoll sergeant on level 6 of the Dungeon)
Magical Staves
 o - a staff of poison {rPois}
   (You found it on level 3 of the Dungeon)
 u - a staff of fire {rF+}
   (You found it on level 6 of the Dungeon)
Jewellery
 i - an amulet of magic regeneration (around mantle)
   (You found it on level 2 of the Dungeon)
 k - an amulet of faith
   (You found it on level 4 of the Dungeon)
 E - a +5 ring of evasion (right tentacle)
   (You found it on level 3 of the Dungeon)
 P - a ring of poison resistance (left tentacle) {rPois, !d}
   (You found it on level 2 of the Dungeon)
Wands
 p - a wand of paralysis (4)
   (You found it on level 3 of the Dungeon)
Scrolls
 h - a scroll of amnesia
 x - a scroll of enchant weapon
 Y - 8 scrolls of teleportation {@r3}
Potions
 b - a potion of heal wounds {unknown}
 c - a potion of berserk rage {unknown}
 d - a potion of flight {unknown}
 f - 2 potions of attraction {!q}
 q - 2 potions of curing {unknown}
 z - a potion of might {unknown}
 H - 3 potions of haste
 M - a potion of magic
 R - 3 potions of resistance


   Skills:
 + Level 3.9 Fighting
 + Level 0.3 Maces & Flails
 - Level 4.0 Dodging
 + Level 6.8 Stealth
 * Level 3.2 Shields
 - Level 5.0 Spellcasting
 - Level 5.0 Conjurations
 * Level 5.2 Fire Magic
 - Level 5.0 Air Magic
 - Level 7.0 Poison Magic


You had 10 spell levels left.
You knew the following spells:

 Your Spells              Type           Power      Damage    Failure   Level
a - Foxfire               Conj/Fire      100%       2x1d9     1%          1
b - Flame Wave            Conj/Fire      26%        2d8       13%         4
x - Mephitic Cloud        Conj/Pois/Air  29%        N/A       3%          3

Your spell library contained the following spells:

 Spells                   Type           Power      Damage    Failure   Level
 Magic Dart               Conj           100%       1d8       1%          1
 Shock                    Conj/Air       100%       1d9       1%          1
 Scorch                   Fire           54%        2d7       1%          2
 Swiftness                Air            26%        N/A       4%          3
 Kindle Blastsparks       Fire/Tloc/Air  38%        2d13      9%          3
 Inner Flame              Hex/Fire       16%        N/A       11%         3
 Airstrike                Air            13%        2d(2-18)  14%         4
 Call Imp                 Summ           5%         N/A       16%         2
 Tukima's Dance           Hex            5%         N/A       32%         3
 Passage of Golubria      Tloc           5%         N/A       71%         4
 Yara's Violent Unravell  Hex/Tmut       2%         3d3       96%         5


Dungeon Overview and Level Annotations

Branches:
Dungeon (8/15) Zot: 26723  Temple (0/1) D:7
   Lair: D:8-11

Altars:
Ashenzari
Cheibriados
Dithmenos
Elyvilon
Gozag
Hepliaklqana
Makhleb
Nemelex Xobeh
Qazlal
Ru
Uskayaw
Wu Jian
Zin

Annotations:
D:3 3 runed translucent doors, bande's ghost, amateur GrFi; warriortoast's ghost, amateur BaWr
D:4 Natasha
D:6 exclusion: iguana, Maggie
D:7 3 runed translucent doors, sirJeffrey23's ghost, novice HOFi


Innate Abilities, Weirdness & Mutations

You cannot wear most types of armour.
You are amphibious.
You can wear up to eight rings at the same time.
Your skin changes colour to match your surroundings (Stealth+).
Your rubbery body absorbs attacks. (AC +1, EV +1)
((You are camouflaged when in or above water. (Stealth+)))
You have tentacles for arms and can constrict up to eight enemies at once.


Message History

(D) Dungeon (T) Temple
Where to? (Enter - D:8, ? - help)
There is a stone staircase leading up here.
You climb upwards.
Level annotation: 3 runed translucent doors, sirJeffrey23's ghost, novice HOFi
There is a stone staircase leading down here.
You see here a +0 dagger.
You see here a +0 dagger.
There is a stone staircase leading down here.
You climb downwards.
There is a stone staircase leading up here.
h - a scroll of amnesia A sky beast comes into view.
The sky beast flickers out of sight!
Deactivating autopickup; reactivate with Ctrl-A.
You conjure some foxfire!
You now have 15/16 mp.
You conjure some foxfire!
The foxfire hits something.
The foxfire hits something!
Something hits you. Something shocks you.
You take 8 damage, and have 50/58 hp.
You conjure some foxfire!
The foxfire hits something.
The foxfire hits something!
Something hits you. Something shocks you.
You take 11 damage, and have 39/58 hp.
You now have 14/16 mp.
You conjure some foxfire!
The foxfire hits something but does no damage. x2
Something hits you. Something shocks you.
You take 7 damage, and have 32/58 hp.
You conjure some foxfire!
The foxfire hits something but does no damage.
The foxfire hits something.
Something hits you. Something shocks you.
You take 9 damage, and have 23/58 hp.
You now have 13/16 mp.
You conjure some foxfire!
The foxfire hits something.
Reactivating autopickup.
You feel a bit more experienced.
Okay, then.
You now have 273 gold pieces (gained 21).
(D) Dungeon (T) Temple
Where to? (Enter - D:7 @ (x,y), ? - help)
There is a stone staircase leading up here.
You climb upwards.
Level annotation: 3 runed translucent doors, sirJeffrey23's ghost, novice HOFi
There is a stone staircase leading down here.
MP restored: 16 You start resting.
Health restored: 58 You climb downwards.
There is a stone staircase leading up here.
A - a scroll labelled WUUFFA BE RIL
As you read the scroll labelled WUUFFA BE RIL, it crumbles to dust.
Your body is wracked with pain!
It was a scroll of torment.
A gnoll comes into view. It is wielding a +0 spear.
You take 28 damage, and have 30/58 hp.
MASSIVE DAMAGE!!
You conjure some foxfire!
The gnoll shouts!
You now have 15/16 mp.
You conjure some foxfire!
A gnoll comes into view.
It is wielding a +0 flail and carrying a wand of flame (15).
You conjure some foxfire!
The foxfire hits the gnoll.
The foxfire hits the gnoll but does no damage.
A gnoll comes into view. It is wielding a +0 whip.
The foxfire hits the gnoll. x2
You now have 14/16 mp.
You conjure some foxfire!
The foxfire hits the gnoll.
The foxfire hits the gnoll but does no damage.
The foxfire hits the gnoll.
You kill the gnoll!
The gnoll zaps a wand.
The puff of flame hits you!
You take 8 damage, and have 24/58 hp.
MP restored: 16 A bullfrog comes into view.
The bullfrog is distracted by your dazzling golden aura.
The bullfrog croaks.
The bullfrog is no longer distracted by gold.
The gnoll zaps a wand.
The puff of flame hits you!
* * * LOW HITPOINT WARNING * * *
You take 11 damage, and have 16/58 hp.
The bullfrog misses you. The bullfrog attacks as you move away!
The bullfrog completely misses you. The bullfrog hits you!
* * * LOW HITPOINT WARNING * * *
You take 7 damage, and have 10/58 hp.
The bullfrog attacks as you move away! The bullfrog barely misses you.
The bullfrog attacks as you move away! The bullfrog hits you!
* * * LOW HITPOINT WARNING * * *
The bullfrog closely misses you.
You take 8 damage, and have 2/58 hp.
It was a potion of attraction.
You feel attractive to monsters. The bullfrog hits you.
You die...
Your body crumbles into a pile of gold.

#..................<#.####
#.#####...................
.#######..g#########.####
.............[.. .#
########...##### #
...........# #.#######...#
#.......#F..#
#######.#@#.####
.......<...).....
#######.###.##### ### ##


You could see a bullfrog and a gnoll.

Vanquished Creatures
  Grinder (D:4)
  2 water moccasins
  3 ice beasts
  An orc warrior (D:6)
  3 sky beasts
  3 black bears
  3 ogres
  A centaur (D:7)
  2 phantoms
  A kobold brigand (D:6)
  3 bullfrogs
  Blork the orc (D:4)
  A gnoll sergeant (D:6)
  4 scorpions
  A howler monkey (D:5)
  3 hounds
  An orc priest (D:6)
  A jelly (D:5)
  A gnoll bouda (D:6)
  6 iguanas
  4 orc wizards
  9 gnolls
  6 adders
  A shadow imp (D:7)
  A white imp (D:7)
  An ufetubus (D:7)
  A worm (D:4)
  A dart slug (D:1)
  17 orcs
  7 ball pythons
  2 bats (D:1)
  11 endoplasms
  3 giant cockroaches
  5 hobgoblins
  2 jackals (D:3)
  6 quokkas
  5 frilled lizards
  6 goblins
  9 kobolds
  8 rats
147 creatures vanquished.

Vanquished Creatures (collateral kills)
  A foxfire (D:7)
1 creature vanquished.

Vanquished Creatures (others)
  A butterfly (D:7)
  623 foxfires
  2 plants (D:4)
626 creatures vanquished.

Grand Total: 774 creatures vanquished

Notes
Turn   | Place    | Note
-------+----------+-------------------------------------------
     0 | D:1      | sokol815 the Octopode Fire Elementalist began the quest for
                  | the Orb.
     0 | D:1      | Reached XP level 1. HP: 11/11 MP: 3/3
   234 | D:1      | Reached XP level 2. HP: 17/17 MP: 0/5
   409 | D:1      | Reached skill level 3 in Spellcasting
   635 | D:1      | Reached XP level 3. HP: 21/21 MP: 4/7
  1419 | D:2      | Found a faded altar of an unknown god.
  1452 | D:2      | Found a hide-covered altar of Uskayaw.
  1511 | D:2      | Reached XP level 4. HP: 27/27 MP: 6/9
  1840 | D:3      | Reached skill level 4 in Spellcasting
  2038 | D:3      | Found a shadowy altar of Dithmenos.
  2320 | D:3      | Found a runed translucent gate.
  2320 | D:3      | Found a runed translucent gate.
  2320 | D:3      | Found a runed translucent gate.
  2324 | D:3      | Noticed bande's ghost (amateur GrFi)
  2324 | D:3      | Noticed warriortoast's ghost (amateur BaWr)
  2400 | D:3      | Learned a level 3 spell: Mephitic Cloud
  2657 | D:4      | Noticed a black bear
  2681 | D:4      | Killed a black bear
  2682 | D:4      | Reached skill level 1 in Air Magic
  2682 | D:4      | Reached skill level 1 in Poison Magic
  2682 | D:4      | Reached XP level 5. HP: 31/31 MP: 6/11
  2698 | D:4      | Found a stormy altar of Qazlal.
  2738 | D:4      | Noticed an ogre
  2753 | D:4      | Killed an ogre
  2754 | D:4      | Reached skill level 2 in Conjurations
  2754 | D:4      | Reached skill level 2 in Poison Magic
  2754 | D:4      | Reached XP level 6. HP: 34/36 MP: 8/13
  2793 | D:4      | Reached skill level 2 in Air Magic
  3085 | D:4      | Noticed Grinder
  3086 | D:4      | Reached skill level 3 in Poison Magic
  3093 | D:4      | Killed Grinder
  3094 | D:4      | Reached skill level 5 in Spellcasting
  3094 | D:4      | Reached skill level 3 in Conjurations
  3094 | D:4      | Reached skill level 3 in Air Magic
  3094 | D:4      | Reached XP level 7. HP: 41/41 MP: 7/14
  3145 | D:4      | Found a burning altar of Makhleb.
  3145 | D:4      | Noticed Natasha
  3296 | D:4      | Noticed Blork the orc
  3304 | D:4      | Killed Blork the orc
  3305 | D:4      | Reached skill level 4 in Poison Magic
  3327 | D:4      | Found a sparkling altar of Nemelex Xobeh.
  3404 | D:5      | Entered Level 5 of the Dungeon
  3500 | D:5      | Reached skill level 4 in Conjurations
  3533 | D:5      | Reached XP level 8. HP: 31/46 MP: 12/15
  3662 | D:5      | Reached skill level 4 in Air Magic
  3692 | D:5      | Reached skill level 5 in Poison Magic
  4045 | D:5      | Noticed a +0 dagger
  4046 | D:5      | Noticed a +0 spear
  4046 | D:5      | Noticed a +0 short sword
  4048 | D:5      | Noticed a +0 falchion
  4048 | D:5      | Noticed a +0 spear
  4048 | D:5      | Noticed a +0 short sword
  4049 | D:5      | Noticed a +0 dagger
  4050 | D:5      | Noticed a +0 falchion
  4079 | D:5      | Reached skill level 6 in Poison Magic
  4091 | D:5      | Found a hide-covered altar of Uskayaw.
  4195 | D:5      | Reached skill level 3 in Stealth
  4367 | D:5      | Reached skill level 1 in Fighting
  4638 | D:6      | Reached skill level 4 in Stealth
  4674 | D:6      | Reached skill level 2 in Fighting
  4674 | D:6      | Reached skill level 3 in Dodging
  4750 | D:6      | Reached XP level 9. HP: 54/54 MP: 12/16
  4864 | D:6      | Noticed Maggie
  4877 | D:6      | Found a hazy altar of Hepliaklqana.
  4929 | D:6      | Reached skill level 5 in Stealth
  5139 | D:6      | Reached skill level 5 in Conjurations
  5139 | D:6      | Reached skill level 5 in Air Magic
  5146 | D:6      | Reached skill level 7 in Poison Magic
  5272 | D:6      | Reached skill level 3 in Fighting
  5299 | D:6      | Reached skill level 4 in Dodging
  5607 | D:6      | Reached skill level 6 in Stealth
  5607 | D:6      | Reached skill level 1 in Shields
  5614 | D:6      | HP: 14/57 [gnoll/+0 spear[a gnoll bouda] (10)]
  6053 | D:7      | Noticed sirJeffrey23's ghost (novice HOFi)
  6057 | D:7      | Noticed a cyclops
  6076 | D:7      | Learned a level 4 spell: Flame Wave
  6126 | D:7      | Found a white marble altar of Elyvilon.
  6311 | D:7      | Found a glowing silver altar of Zin.
  6312 | D:7      | Found a sacrificial altar of Ru.
  6318 | D:7      | Found a snail-covered altar of Cheibriados.
  6325 | D:7      | Reached skill level 2 in Shields
  6337 | D:7      | Reached skill level 4 in Fire Magic
  6338 | D:7      | Found a broken altar of Ashenzari.
  6338 | D:7      | Found an opulent altar of Gozag.
  6351 | D:7      | Became a worshipper of Gozag Ym Sagoz the Greedy
  6470 | D:7      | Found a staircase to the Ecumenical Temple.
  6592 | D:7      | Found a runed translucent gate.
  6602 | D:7      | Found a runed translucent gate.
  6602 | D:7      | Found a runed translucent gate.
  6607 | D:7      | Reached skill level 3 in Shields
  6650 | D:7      | Noticed a cyclops
  6716 | D:7      | Found an ornate altar of the Wu Jian Council.
  6856 | D:7      | Reached skill level 5 in Fire Magic
  7332 | D:8      | HP: 10/58 [bullfrog (8)]
  7334 | D:8      | HP: 2/58 [bullfrog (8)]
  7335 | D:8      | Slain by a bullfrog

Illustrated notes

Levels and vault maps discovered:
D:1:      evilmike_arrival_hilbert_curve, layout_basic
D:2:      layout_loops_cross, basic_altar, ebering_ecumenical_altar_hall
D:3:      layout_basic, nicolae_dithmenos_the_darkroom,
          gammafunk_ghost_cemetery, kennysheep_generic_room_4
D:4:      layout_rooms, mainiacjoe_overflow_surrounded_room,
          general_overflow_altar, nicolae_qazlal_scattered_showers,
          saegor_snake_ambush, uniq_blork_the_orc, uniq_grinder, uniq_natasha
D:5:      layout_loops_ring, nicolae_uskayaw_en_pointe
D:6:      layout_rooms, mainiacjoe_overflow_chevrons, minmay_misc_feat_x,
          grunt_decor_resistance, minmay_manual_monolith, uniq_maggie
D:7:      layout_loops_ring, kennysheep_little_box, grunt_temple_overflow_open,
          nicolae_elyvilon_peaceful_grove, minmay_temple_entry_junction,
          gammafunk_ghost_split
D:8:      layout_basic, old_standard_altar, serial_shops, nicolae_shop_crystal,
          nicolae_shop_overgrown_old_shop, shop, shop

Skill      XL: |  1  2  3  4  5  6  7  8  9 |
---------------+----------------------------+-----
Spellcasting   | 3 4 5 |  5.0
Air Magic      | 1 3 4 5 |  5.0
Poison Magic   | 1 2 3 4 6 7 |  7.0
Conjurations   | 2 3 4 5 |  5.0
Stealth        | 4 6 |  6.8
Fighting       | 2 3 |  3.9
Dodging        | 3 4 |  4.0
Shields        | 3 |  3.2
Fire Magic     | 5 |  5.2
Maces & Flails | |  0.3

Action                   |  1- 3 |  4- 6 |  7- 9 || total
-------------------------+-------+-------+-------++-------
Melee: Dagger            |    16 |     3 |     3 ||    22
       Constrict         |     3 |     6 |    13 ||    22
       Tentacles         |     1 |     1 |    18 ||    20
       Whip              |       |    20 |    64 ||    84
       Short sword       |       |       |     8 ||     8
       Punch             |       |       |     1 ||     1
 Cast: Foxfire           |    58 |    88 |   217 ||   363
  Use: Scroll            |       |     7 |     6 ||    13
       Potion            |       |       |     1 ||     1
 Stab: Sleeping          |     7 |     2 |     2 ||    11
Armor: Skin              |     3 |       |     2 ||     5
Dodge: Dodged            |    11 |    12 |    84 ||   107

Table legend: (Time is in decaauts)
 A = Elapsed time spent in this place.
 B = Non-inter-level travel time spent in this place.
 C = Inter-level travel time spent in this place.
 D = Time resting spent in this place.
 E = Time spent auto-exploring this place.
 F = Levels seen in this place.
 G = Mean time per level.
                   A        B        C        D        E       F      G
               +--------+--------+--------+--------+--------+-----+--------+
         Total |   7338 |   7092 |    246 |   1260 |   4368 |   8 |  917.2 |
       Dungeon |   7338 |   7092 |    246 |   1260 |   4368 |   8 |  917.2 |
               +--------+--------+--------+--------+--------+-----+--------+

Top non-repeatable levels by time:
     D:5: 1403 daAuts
     D:6: 1210 daAuts
     D:7: 1188 daAuts
     D:1: 1084 daAuts
     D:3: 855 daAuts
     D:4: 841 daAuts
     D:2: 661 daAuts
     D:8: 93 daAuts

Table legend:
 A = Kills in this place as a percentage of kills in entire the game.
 B = Kills by you in this place as a percentage of kills by you in the entire game.
 C = Kills by friends in this place as a percentage of kills by friends in the entire game.
 D = Other kills in this place as a percentage of other kills in the entire game.
 E = Experience gained in this place as a percentage of experience gained in the entire game.
 F = Experience gained in this place divided by the number of levels of this place that you have seen.
                   A       B       C       D       E      F
               +-------+-------+-------+-------+-------+----------------------
         Total | 100.0 | 100.0 |   N/A |   N/A | 100.0 | 565.0
       Dungeon | 100.0 | 100.0 |   N/A |   N/A | 100.0 | 565.0
               +-------+-------+-------+-------+-------+----------------------
